 Dungeon Sprint DCSS version 0.27.1-1-g398f81649c (webtiles) character file.

Game seed: 2595031889392614246

28 ugugthedestroyer the Shield-Bearer (level 3, 0/24 HPs)
             Began as a Gargoyle Fighter on Sept 6, 2021.
             Slain by a sky beast (1 damage)
             ... in the Dungeon (Sprint IX: "|||||||||||||||||||||||||||||").
             The game lasted 00:00:20 (59 turns).

ugugthedestroyer the Shield-Bearer (Gargoyle Fighter) Turns: 59, Time: 00:00:21

Health: 0/24       AC: 10    Str: 20    XL:     3   Next: 12%
Magic:  3/3        EV:  7    Int:  8    God:
Gold:   0          SH:  9    Dex:  9    Spells: 2/2 levels left

rFire    . . .     SeeInvis .   a - +0 flail
rCold    . . .     Faith    .   c - +0 kite shield
rNeg     + . .     Spirit   .   b - +0 scale mail
rPois    ∞         Reflect  .   (no helmet)
rElec    +         Harm     .   (no cloak)
rCorr    .         Rampage  .   (no gloves)
Will     .....     NoTele   +   (no boots)
Stlth    ..........             (no amulet)
HPRegen  0.08/turn              (no ring)
MPRegen  0.08/turn              (no ring)

@: no status effects
A: sickness immunity, AC +3, negative energy resistance 1, electricity
resistance, torment resistance 1, petrification resistance
a: no special abilities


You were in the Dungeon.
You visited 1 branch

Inventory:

Hand Weapons
 a - a +0 flail (weapon)
Armour
 b - a +0 scale mail (worn)
 c - a +0 kite shield (worn)
Scrolls
 j - a scroll of blinking
Potions
 d - a potion of might
 e - a potion of curing
 f - a potion of heal wounds
 g - a potion of haste
 h - 2 potions of magic
 i - a potion of berserk rage


   Skills:
 + Level 4.6 Fighting
 + Level 3.1 Maces & Flails
 + Level 4.5 Armour
 + Level 0.1 Dodging
 + Level 4.9 Shields


You had 2 spell levels left.
You didn't know any spells.
Your spell library was empty.

Dungeon Overview and Level Annotations

Branches:
Dungeon (1/1)

Altars:


Innate Abilities, Weirdness & Mutations

You are immune to sickness and miasma.
Your stone body is resilient. (AC +3)
You are immune to poison.
You resist negative energy. (rN+)
You are resistant to electric shocks. (rElec)
You are resistant to unholy torment.
You are immune to petrification.


Message History

You miss the sky beast.
The sky beast hits you but does no damage.
You barely miss the sky beast.
The sky beast hits you but does no damage.
The sky beast barely misses you.
You barely miss the sky beast. The sky beast hits you.
The sky beast shocks you. You resist.
* * * LOW HITPOINT WARNING * * *
You hit the sky beast.
The sky beast is lightly wounded.
You block the sky beast's attack.
The sky beast hits you but does no damage.
You closely miss the sky beast.
The sky beast is lightly wounded.
The sky beast hits you but does no damage.
You hit the sky beast.
The sky beast is moderately wounded.
The sky beast hits you but does no damage.
You miss the sky beast.
The sky beast is moderately wounded.
The sky beast hits you but does no damage.
The sky beast hits you.
* * * LOW HITPOINT WARNING * * *
The sky beast shocks you. You resist.
* * * LOW HITPOINT WARNING * * *
You barely miss the sky beast.
The sky beast is moderately wounded.
The sky beast closely misses you.
You completely miss the sky beast.
The sky beast is moderately wounded.
The sky beast flickers out of sight!
Deactivating autopickup; reactivate with Ctrl-A.
Something hits you but does no damage. x2
You miss something. Something hits you but does no damage.
You sock something!
Something hits you but does no damage. x2
You closely miss something. Something completely misses you.
You miss something. Something hits you.
* * * LOW HITPOINT WARNING * * *
Something shocks you. You resist.
You die... ▓▓▓▓▓▓▓▓▓▓▓▓▓▓▓▓▓▓ +.≈...{@....)...<▓ ▓▓▓▓▓▓▓▓▓▓▓▓▓▓▓▓▓▓

There were no monsters in sight!

Vanquished Creatures
  2 adders (D)
  An endoplasm (D)
  2 hobgoblins (D)
  2 jackals (D)
  2 goblins (D)
9 creatures vanquished.

Notes
Turn   | Place    | Note
-------+----------+-------------------------------------------
     0 | D        | ugugthedestroyer the Gargoyle Fighter began the quest for
                  | the Orb.
     0 | D        | Reached XP level 1. HP: 14/14 MP: 1/1
    25 | D        | Noticed a sky beast
    39 | D        | Reached XP level 2. HP: 13/20 MP: 2/2
    46 | D        | Reached XP level 3. HP: 13/24 MP: 3/3
    59 | D        | HP: 1/24 [something (3)]
    59 | D        | Slain by a sky beast

Illustrated notes

Levels and vault maps discovered:
D:        linesprint [early_d, line_temple, items_1, d_10, items_2, lair_1,
          lair_end, items_3, orc_1, orc_end, items_4, d_15, swamp_1, shoals_1,
          snake_1, spider_1, d_20, vaults_1, items_5, swamp_end, shoals_end,
          snake_end, spider_end, vaults_end, d_27, items_6, zot_1, zot_end,
          crypt_end, forest_end, elf_end, slime_end, tomb_end, abyss_end,
          pan_hell_end]

Skill      XL: |  1  2 |
---------------+-------+-----
Fighting       | 4 |  4.6
Armour         | 4 |  4.5
Shields        | 4 |  4.9
Maces & Flails | 3 |  3.1
Dodging        | |  0.1

Action                   || total
-------------------------++-------
Melee: Flail             ||    48
Armor: Scale mail        ||    29
Dodge: Dodged            ||    10
Block: Kite shield       ||    23
